Map: Cyber Forest LE

Players

NightKnight

  • Race: Protoss Protoss
  • League: Gold
  • Spawn Location: 5:00

mullito - Winner!

  • Race: Protoss Protoss
  • League: Platinum
  • Spawn Location: 11:00

VOD

Have the link to the VOD?

Description

Time

  • Played on: May 22, 2019, 4:11 p.m.
  • Length: 2:55
Show
View Real Time Build Order
Export as new Build Order

NightKnight Protoss 

Build Orders: Cannon Rush, Double Forge 

Get SALT Encoding   

  12  0:01  Probe  
  13  0:13  Probe  
  14  0:19  Pylon  
  14  0:25  Probe  
  15  0:38  Forge  
  15  0:55  Pylon  
  15  1:09  Pylon  
  15  1:16  Photon Cannon  
  15  1:19  Photon Cannon  
  15  1:27  Pylon  
  15  1:29  Probe  
  15  1:37  Probe  
  16  1:45  Photon Cannon  
  17  1:57  Photon Cannon  
  17  1:58  Photon Cannon  
  17  2:10  Photon Cannon  
  17  2:31  Forge  
Show
View Real Time Build Order
Export as new Build Order

mullito Protoss - Winner!

Build Orders:  

Get SALT Encoding   

  12  0:01  Probe  
  13  0:13  Pylon  
  13  0:20  Probe  
  14  0:31  Probe, Forge  
  15  0:39  Probe  
  16  0:50  Probe  
  17  1:02  Probe  
  18  1:22  Pylon  
  18  1:28  Pylon  
  18  1:36  Pylon  
  18  1:48  Photon Cannon x2  
  18  2:00  Photon Cannon x2  
  17  2:10  Assimilator  
  17  2:14  Photon Cannon  
  17  2:34  Photon Cannon  
  17  2:44  Photon Cannon  
Tags
 
Add a new tag
Caveats
  • Supply blocks, unpowered buildings, or Contaminate may cause inaccurate times.
  • Supply counts are checked every 10 seconds.